Description

New standard 3CC opening for 2021. From uThermal Terran School #37. uThermal got it from Cure.

VOD

https://www.youtube.com/watch?v=TFYa5vcZfDU

Replay - EnigmA v uwuThermal - Romanticide LE

Build Order

Get SALT Encoding   

  12  0:00  SCV  
  13  0:12  SCV  
  14  0:17  Supply Depot  
  14  0:25  SCV  
  15  0:39  SCV, Barracks  
  16  0:43  Refinery  
  16  0:51  SCV  
  17  1:03  SCV  
  18  1:15  SCV  
  19  1:26  Marine  
  19  1:27  Orbital Command  
  20  1:41  Command Center  
  20  1:45  Barracks Reactor  
  20  1:54  SCV  
  21  2:01  Supply Depot  
  21  2:06  SCV  
  22  2:18  SCV  
  23  2:23  Marine x2  
  25  2:32  Command Center  
  26  2:41  Reaper x2  
  29  2:47  Barracks  
  29  2:53  Orbital Command  
  31  3:13  Marine x2  
  31  3:16  Engineering Bay  
  34  3:24  Refinery  
  35  3:31  Marine x2  
  39  3:37  Barracks Tech Lab  
  39  3:43  Missile Turret  
  39  3:44  Terran Infantry Weapons Level 1  
  42  3:52  Bunker  
  42  3:53  Marine x2  
  44  3:55  Orbital Command  
  44  3:59  Marauder  
  44  4:00  Stimpack  
  45  4:12  Marine  
  48  4:19  Supply Depot  
  48  4:21  Marauder  
  55  4:33  Supply Depot  
  55  4:37  Factory  
  58  4:42  Marauder  
  61  4:45  Barracks  
  65  4:53  Refinery  
  64  5:21  Supply Depot, Marauder  
  64  5:23  Factory Reactor, Starport  
  64  5:24  Orbital Command  
  67  5:29  Refinery  
  67  5:34  Barracks Tech Lab  
  69  5:38  Terran Infantry Armor Level 1  
  69  5:42  Marauder, Combat Shield  
  73  5:55  Marauder  
  73  5:56  Concussive Shells  
  80  6:06  Marauder  
  80  6:09  Factory Reactor  
  84  6:11  Barracks x2  
  84  6:15  Medivac x2  
  88  6:21  Missile Turret  
  96  6:34  Marauder  
  101  6:49  Medivac x2, Widow Mine x2  
  111  6:59  Marauder  
  111  7:01  Barracks Tech Lab, Barracks Reactor  
  115  7:07  Armory  
  116  7:09  Engineering Bay  
  116  7:12  Missile Turret  
  116  7:15  Marauder  
  121  7:18  Widow Mine x2  
  117  7:23  Refinery x2  
  117  7:29  Medivac x2, Missile Turret  
  125  7:42  Widow Mine x2  
  141  7:55  Terran Infantry Weapons Level 2  
  146  8:07  Terran Infantry Armor Level 2  
  149  8:14  Widow Mine x2  
  149  8:18  Medivac  
  157  8:27  Medivac  
  166  8:38  Widow Mine  
  163  8:49  Medivac  
  165  9:00  Command Center  
  166  9:09  Medivac  
  151  9:34  Widow Mine  
  160  9:48  Missile Turret x2  
Spawning Tool Build Advisor. Get it on Overwolf

Analysis

Opens marine first into reactor. When reactor starts pull SCV's out of gas to get 3rd CC faster. Skip Bunker on big maps with ramps. When reactor finishes scout with two reapers. Early E-Bay at 3:15 to defend oracle.

If you scout colossus or disruptors get a techlab on factory instead of reactor and play tanks. The late starport means you wont have enough air units to deal with them otherwise.

Follow up: 4th base, then ghost academy, second starport if collosus, then three extra barracks.

Go to:

Details

  • Created by: Jason22
  • Published on: Feb 15, 2021
  • Modified on: Feb 15, 2021
  • Patch: 4.11.0
  • Difficulty: Hard
Show
View Real Time Build Order
Export as new Build Order

Comments (0)

There are no comments. Be the first!

Create an account to comment!